 Dungeon Crawl Stone Soup version 0.28-a0-474-g535839065c (webtiles) character file.

Game seed: 6107292692420570907

1557 spiderkeys the Abyss-Baptised (level 8, -1/57 HPs)
             Began as an Octopode Abyssal Knight on Sept 16, 2021.
             Was an Initiate of Lugonu.
             Succumbed to an orange demon's poison
             ... on level 1 of the Dungeon.
             The game lasted 00:03:33 (203 turns).

spiderkeys the Abyss-Baptised (OpAK)                 Turns: 203, Time: 00:03:34

Health: -1/57      AC:  1    Str: 13    XL:     8   Next: 88%
Magic:  11/12      EV: 15    Int: 14    God:    Lugonu [......]
Gold:   0          SH:  0    Dex: 12    Spells: 7/7 levels left

rFire   . . .      SeeInvis .   a - +2 spear
rCold   . . .      Faith    .   (no shield)
rNeg    . . .      Spirit   .   (helmet restricted)
rPois   .          Reflect  .   (no amulet)
rElec   .          Harm     .   (no ring)
rCorr   .          Rampage  .   (no ring)
Will    .....      Rnd*Tele +   (no ring)
Stlth   ++........              (no ring)
HPRegen 0.19/turn               (no ring)
MPRegen 0.13/turn               (no ring)
                                (no ring)
                                (no ring)

@: lethally poisoned (-1 -> -20)
A: almost no armour, amphibious, 8 rings, camouflage 1, gelatinous body 1,
(nimble swimmer 1), tentacles, teleportitis 1
a: Renounce Religion


You were on level 1 of the Dungeon.
You worshipped Lugonu.
Lugonu was noncommittal.
You visited 1 branch of the dungeon, and saw 1 of its levels.
You visited the Abyss 1 time.


Innate Abilities, Weirdness & Mutations

You cannot wear most types of armour.
You are amphibious.
You can wear up to eight rings at the same time.
Your skin changes colour to match your surroundings (Stealth+).
Your rubbery body absorbs attacks. (AC +1, EV +1)
((You are camouflaged near water. (Stealth+)))
You have tentacles for arms and can constrict up to eight enemies at once.
You are occasionally teleported next to monsters.


   Skills:
 + Level 6.1 Fighting
 + Level 5.7 Polearms
 + Level 5.9 Dodging
 + Level 6.2 Invocations


You had 7 spell levels left.
You didn't know any spells.
Your spell library was empty.

Inventory:

Hand Weapons
 a - a +2 spear (weapon)
Scrolls
 b - a scroll of summoning

Dungeon Overview and Level Annotations

Branches:
Dungeon (1/15)

Altars:

............ #
#...#......#
..##..#.#......
.....#...#.....
#####....?#####
.#...........#.
..#........$#..
..#....@....#..
.#...........#.
#####.....#####
.....#...#.....
......#.#?....#
.......#......#
.)......$.....#
.............##


There were no monsters in sight!


Message History

Your ice devil freezes the tentacled starspawn!
An orange demon comes into view.
Your ice devil completely misses the tentacled starspawn.
The tentacled starspawn barely misses your ice devil. x2
Your ice devil hits the tentacled starspawn.
Your ice devil freezes the tentacled starspawn!
Your spatial vortex hits the iron imp.
Space warps horribly around the iron imp!
The iron imp dies!
The starspawn tentacle grabs your ice devil.
The starspawn tentacle constricts your ice devil.
The starspawn tentacle constricts something.
The starspawn tentacle constricts something.
Something closely misses your ice devil. 😎 MP[+1]
Okay, then.
As you read the scroll labelled ORISEL KUZA, it crumbles to dust.
It is a scroll of enchant weapon.
Your +1 spear glows red for a moment.
Tentacles burst from the starspawn's body! 2 starspawn tentacles come into view.
As you read the scroll labelled SOKOQO EDEONU, it crumbles to dust.
It is a scroll of identify.
You don't have any unidentified items.
The starspawn tentacle barely misses you. 😎 MP[+1] Unknown command.
Reach: a) +2 spear
Press: ? - help, Dir - move target, f - starspawn tentacle
Aim: a starspawn tentacle (about 9% to evade your +2 spear)
You reach to attack!
You hit the starspawn tentacle.
Found a sacrificial altar of Ru. 😎 MP[+1]
Your mp is fully restored (12).
A white imp comes into view.
You reach to attack!
You closely miss the white imp.
The white imp shouts, "Flee, thou plume-plucked idle-headed wastrel!"
The white imp gestures at you. The puff of frost hits you! 😕 HP[-13]
You take 13 damage, and now have 44/57 hp.
MASSIVE DAMAGE!! (PAUSE)
The white imp hits you but does no damage.
You barely miss the white imp. You grab the white imp.
You constrict the white imp. You hit the white imp.
Your squeeze misses the white imp. You constrict the white imp.
The white imp hits you. The white imp freezes you. 😮 HP[-5]
You take 5 damage, and now have 39/57 hp.
You hit the white imp but do no damage. You constrict the white imp.
The white imp gestures at you. The puff of frost misses you.
The puff of frost hits the orange demon!
You hit the white imp. You squeeze the white imp.
You kill the white imp! 😮 HP[+1] 😮 HP[+1]
Found a gateway leading deeper into the Abyss. 😮 HP[+1]
A white imp comes into view.
The white imp shouts, "Decamp, thou mewling fob-snatching mendicant!"
There is a gateway leading deeper into the Abyss here.
You plunge deeper into the Abyss.
Found six items.
Found a shimmering blue altar of Sif Muna. 😕 HP[+1]
Press: ? - help, v - describe, . - travel
Here: a shadow demon The floor.
The orc high priest shouts!
The orc high priest utters an invocation to Beogh.
The kobold demonologist casts a cantrip, but nothing happens.
There is a shimmering blue altar of Sif Muna here.
Things that are here:
a scroll of summoning; a scroll of summoning 😕 HP[+1]
b - a scroll of summoning;
b - 2 scrolls of summoning (gained 1)
The orc high priest mumbles some strange prayers to Beogh.
As you read the scroll of summoning, it crumbles to dust.
Wisps of shadow whirl around you...
The boggart casts a spell.
The boggart flickers and vanishes!
Deactivating autopickup; reactivate with Ctrl-A.
The orc high priest invokes the aid of Beogh against you.
Beogh smites you!
The soul eater draws from the surrounding life force!
* * * LOW HITPOINT WARNING * * *
The orange demon stings you from afar!
* * * LOW HITPOINT WARNING * * *
You are lethally poisoned!
The orange demon poisons you! 😱 HP[-41]
You take 41 damage, and now have 3/57 hp.
MASSIVE DAMAGE!! (PAUSE)
You aren't carrying any potions.
You pass through the gate.
Your summoned allies are left behind.
Reactivating autopickup.
You can no longer depart the Abyss at will.
You die...

Skill      XL: |  1  2  3  4  5  6  7 |
---------------+----------------------+-----
Polearms       | 3 5 |  5.7
Dodging        | 3 4 5 |  5.9
Invocations    | 3 4 6 |  6.2
Fighting       | 4 6 |  6.1

Action                   |  1- 3 |  4- 6 |  7- 9 || total
-------------------------+-------+-------+-------++-------
Melee: Spear             |       |       |     6 ||     6
       Constrict         |       |       |     1 ||     1
       Tentacles         |       |       |     1 ||     1
Invok: Depart the Abyss  |       |       |     1 ||     1
  Use: Scroll            |     2 |     1 |     3 ||     6
Armor: Skin              |       |       |     1 ||     1
Dodge: Dodged            |       |       |     3 ||     3

Levels and vault maps discovered:
D:1:      scummos_arrival_star, layout_rooms, minmay_misc_feat_encased

Notes
Turn   | Place    | Note
-------+----------+-------------------------------------------
     0 | Abyss:1  | spiderkeys the Octopode Abyssal Knight began the quest for
                  | the Orb.
     0 | Abyss:1  | Reached XP level 1. HP: 16/16 MP: 2/2
     0 | Abyss:1  | magus.rc [v1.9.10]
    70 | Abyss:1  | Noticed a neqoxec
    70 | Abyss:1  | Noticed a ynoxinul
    73 | Abyss:1  | Gained mutation: You are occasionally teleported next to
                  | monsters. [a neqoxec]
    73 | Abyss:1  | Noticed a large abomination
    78 | Abyss:1  | Killed a neqoxec
    78 | Abyss:1  | Noticed an ancient zyme
    79 | Abyss:1  | Reached skill level 3 in Polearms
    79 | Abyss:1  | Reached skill level 3 in Dodging
    79 | Abyss:1  | Reached skill level 3 in Invocations
    79 | Abyss:1  | Reached XP level 2. HP: 22/22 MP: 2/4
    79 | Abyss:1  | Reached XP level 3. HP: 27/27 MP: 2/5
    79 | Abyss:1  | Reached XP level 4. HP: 33/33 MP: 2/6
    79 | Abyss:1  | Reached XP level 5. HP: 37/37 MP: 2/7
    82 | Abyss:1  | Noticed an ophan
    82 | Abyss:1  | Killed a ynoxinul
    83 | Abyss:1  | Reached skill level 4 in Fighting
    83 | Abyss:1  | Reached XP level 6. HP: 43/43 MP: 2/8
    86 | Abyss:1  | Killed a large abomination
    87 | Abyss:1  | Reached skill level 4 in Dodging
    87 | Abyss:1  | Reached skill level 4 in Invocations
    87 | Abyss:1  | Reached XP level 7. HP: 49/49 MP: 2/10
    87 | Abyss:1  | Killed an ancient zyme
    88 | Abyss:1  | Reached skill level 4 in Polearms
    92 | Abyss:1  | Banished an ophan
    93 | Abyss:1  | Reached skill level 6 in Fighting
    93 | Abyss:1  | Reached skill level 5 in Polearms
    93 | Abyss:1  | Reached skill level 5 in Dodging
    93 | Abyss:1  | Reached skill level 6 in Invocations
    93 | Abyss:1  | Reached XP level 8. HP: 57/57 MP: 3/12
   129 | Abyss:1  | Noticed a tentacled starspawn
   136 | Abyss:1  | Noticed an orange demon
   156 | Abyss:1  | Found a sacrificial altar of Ru.
   163 | Abyss:1  | Found a sacrificial altar of Ru.
   196 | Abyss:2  | Noticed an orc high priest
   196 | Abyss:2  | Noticed a shadow demon
   196 | Abyss:2  | Noticed a kobold demonologist
   196 | Abyss:2  | Found a shimmering blue altar of Sif Muna.
   200 | Abyss:2  | Noticed a soul eater
   202 | Abyss:2  | Noticed a smoke demon
   202 | Abyss:2  | Noticed an orange demon
   202 | Abyss:2  | HP: 3/57 [orange demon[an orc high priest] (14)]
   203 | D:1      | You pass through the gate.
   203 | D:1      | Escaped the Abyss
   203 | D:1      | Succumbed to an orange demon's poison

Vanquished Creatures
  A white imp (Abyss:1)
1 creature vanquished.

Vanquished Creatures (collateral kills)
  An ancient zyme (Abyss:1)
  A ynoxinul (Abyss:1)
  A large abomination (Abyss:1)
  A neqoxec (Abyss:1)
  An iron imp (Abyss:1)
  2 starspawn tentacles (Abyss:1)
7 creatures vanquished.

Vanquished Creatures (others)
  3 starspawn tentacles (Abyss:1)
3 creatures vanquished.

Grand Total: 11 creatures vanquished

Table legend:
 A = Non-vault XP
 B = Vault XP
 C = Vault XP percentage of total XP
 D = Non-vault monster count
 E = Vault monster count
 F = Vault count percentage of total count
                 A         B        C        D         E       F
            +---------+---------+-------+---------+---------+-------
      Total |    2225 |       0 |   0.0 |       7 |       0 |   0.0
            +---------+---------+-------+---------+---------+-------
    Abyss:1 |    2225 |       0 |   0.0 |       7 |       0 |   0.0
            +---------+---------+-------+---------+---------+-------

Illustrated notes

Table legend:
 A = Kills in this place as a percentage of kills in entire the game.
 B = Kills by you in this place as a percentage of kills by you in the entire game.
 C = Kills by friends in this place as a percentage of kills by friends in the entire game.
 D = Other kills in this place as a percentage of other kills in the entire game.
 E = Experience gained in this place as a percentage of experience gained in the entire game.
 F = Experience gained in this place divided by the number of levels of this place that you have seen.
                   A       B       C       D       E      F
               +-------+-------+-------+-------+-------+----------------------
         Total | 100.0 | 100.0 | 100.0 | 100.0 | 100.0 | 741.7
         Abyss | 100.0 | 100.0 | 100.0 | 100.0 | 100.0 | 1112.5
               +-------+-------+-------+-------+-------+----------------------

Table legend: (Time is in decaauts)
 A = Elapsed time spent in this place.
 B = Non-inter-level travel time spent in this place.
 C = Inter-level travel time spent in this place.
 D = Time resting spent in this place.
 E = Time spent auto-exploring this place.
 F = Levels seen in this place.
 G = Mean time per level.
                   A        B        C        D        E       F      G
               +--------+--------+--------+--------+--------+-----+--------+
         Total |    201 |    201 |      0 |      0 |     18 |   3 |   67.0 |
       Dungeon |      0 |      0 |      0 |      0 |      0 |   1 |    0.0 |
         Abyss |    201 |    201 |      0 |      0 |     18 |   2 |  100.5 |
               +--------+--------+--------+--------+--------+-----+--------+

Top non-repeatable levels by time:
 Abyss:1: 194 daAuts
 Abyss:2: 6 daAuts
